Map: Triton LE

Players

thermostaat (uThermal) - Winner!

  • Race: Terran Terran
  • Spawn Location: 5:00

Astrea

  • Race: Protoss Protoss
  • League: Grandmaster
  • Spawn Location: 11:00

Event: Cheeseadelphia XI, Cheeseadelphia XI

VOD

Have the link to the VOD?

Description

Time

  • Played on: Dec. 15, 2019, 3:42 p.m.
  • Length: 12:45

All games in this series

Show
View Real Time Build Order
Export as new Build Order

thermostaat Terran - Winner!

Build Orders:  

Get SALT Encoding   

  12  0:01  SCV  
  13  0:13  SCV  
  14  0:18  Supply Depot  
  14  0:25  SCV  
  15  0:43  Barracks  
  15  0:45  SCV  
  16  0:55  Barracks  
  16  0:58  SCV  
  17  1:06  Refinery  
  17  1:10  SCV  
  18  1:29  Orbital Command, Marine  
  19  1:35  Supply Depot  
  19  1:41  Marine  
  20  1:47  Bunker, Marine  
  21  1:59  Marine  
  22  2:01  Bunker  
  22  2:07  Marine  
  23  2:17  Marine  
  23  2:18  Factory  
  23  2:38  SCV  
  23  2:47  Command Center  
  23  2:50  SCV  
  24  3:00  Refinery  
  24  3:01  Factory Tech Lab  
  24  3:02  SCV  
  25  3:14  SCV  
  25  3:16  Supply Depot  
  26  3:21  Cyclone  
  26  3:26  SCV  
  30  3:34  Starport  
  30  3:38  SCV  
  31  3:50  SCV  
  31  3:55  Siege Tank  
  32  4:02  SCV  
  32  4:05  Orbital Command  
  31  4:13  Viking  
  31  4:16  SCV  
  34  4:27  Orbital Command  
  34  4:30  Cyclone  
  35  4:31  SCV  
  36  4:43  SCV  
  36  4:44  Barracks  
  37  4:55  SCV  
  37  4:56  SCV, Viking  
  41  5:07  Siege Tank  
  41  5:08  SCV x2  
  45  5:20  SCV x2  
  46  5:22  Barracks Reactor  
  43  5:29  Bunker  
  43  5:32  SCV, Barracks Tech Lab  
  43  5:34  Barracks  
  44  5:36  SCV  
  45  5:44  SCV  
  45  5:46  Engineering Bay  
  46  5:50  Supply Depot  
  46  5:51  SCV, Marine  
  46  5:56  Stimpack  
  48  5:58  SCV  
  48  6:03  SCV, Marine  
  51  6:04  Marine  
  51  6:09  Starport Reactor  
  51  6:10  SCV  
  53  6:15  Supply Depot  
  53  6:16  Terran Infantry Weapons Level 1  
  53  6:17  Marine  
  54  6:19  SCV  
  54  6:23  Marine x2  
  54  6:24  SCV  
  58  6:27  Refinery, Marine  
  59  6:33  Supply Depot  
  59  6:34  SCV  
  59  6:35  Marine  
  59  6:36  SCV  
  65  6:40  Siege Tank  
  65  6:43  Supply Depot  
  65  6:44  Marine  
  65  6:46  SCV  
  67  6:47  Marine  
  67  6:52  SCV, Marine  
  70  6:54  Marine  
  70  6:56  Medivac  
  70  6:59  SCV  
  74  7:01  Marine  
  74  7:02  Medivac  
  74  7:05  Marine  
  74  7:06  SCV  
  74  7:07  Missile Turret  
  79  7:10  Supply Depot  
  79  7:11  SCV  
  79  7:12  Marine x2  
  82  7:19  Siege Tank, Supply Depot  
  82  7:21  Marine  
  86  7:32  SCV x2, Marine x3  
  86  7:36  Combat Shield  
  91  7:39  Marine  
  92  7:50  Command Center, Marine x2  
  94  7:51  Siege Tank  
  94  7:57  SCV, Supply Depot  
  98  7:58  Medivac  
  98  8:01  Marine  
  98  8:03  Marine  
  101  8:10  Marine  
  102  8:13  Supply Depot  
  102  8:16  Barracks, Terran Infantry Armor Level 1  
  102  8:17  Barracks  
  102  8:19  Marine x2  
  103  8:25  Siege Tank  
  107  8:31  Marine  
  107  8:32  Marine  
  109  8:37  Marine  
  109  8:41  Supply Depot, Marine, Refinery  
  75  8:48  Medivac  
  111  8:49  Marine  
  111  8:51  Medivac  
  111  8:52  Marine  
  117  8:58  SCV  
  118  9:04  Marine  
  118  9:06  Marine  
  118  9:08  Siege Tank  
  123  9:12  Marine x2  
  123  9:13  Marine x2  
  123  9:15  SCV  
  124  9:19  SCV  
  124  9:20  Medivac  
  124  9:22  Marine  
  124  9:23  Marine  
  124  9:27  SCV  
  124  9:30  Marine  
  123  9:32  Marine  
  123  9:35  Marine  
  115  9:40  Marine  
  115  9:45  Marine  
  106  9:46  Viking  
  106  9:47  Orbital Command  
  106  9:48  SCV x2, Marine  
  105  9:53  Siege Tank  
  105  9:55  Barracks Tech Lab x2  
  105  9:56  Barracks Reactor  
  91  10:00  SCV x2  
  91  10:03  Marine x2  
  94  10:08  Missile Turret, Viking  
  94  10:09  Missile Turret  
  94  10:12  SCV  
  98  10:15  Marauder  
  98  10:19  Viking  
  101  10:24  Marauder, Marine  
  104  10:29  Marauder, Marine  
  104  10:35  Marine  
  104  10:38  Siege Tank  
  104  10:42  Marine  
  106  10:46  Marine x2  
  106  10:47  Marauder  
  105  10:51  Concussive Shells  
  105  10:52  Viking  
  105  10:55  Viking  
  109  11:08  Marauder, Marine  
  109  11:10  Siege Tank, Marine x2  
  109  11:11  SCV x2  
  112  11:12  SCV, Refinery  
  112  11:13  Refinery  
  112  11:14  Marine  
  112  11:17  Supply Depot  
  115  11:23  SCV  
  115  11:25  SCV  
  117  11:26  Armory  
  117  11:27  SCV  
  117  11:28  Engineering Bay, Marine x2  
  120  11:33  Marine x2  
  120  11:35  SCV  
  123  11:41  Liberator, Marine  
  123  11:42  Siege Tank  
  123  11:43  Marine  
  123  11:47  Marine x2  
  128  11:49  Marine  
  128  11:51  Marine  
  132  11:55  Marine  
  132  12:00  Marauder  
  138  12:03  Supply Depot, Marine  
  139  12:08  Marine  
  139  12:13  Marauder, Marine  
  139  12:14  Marine  
  145  12:22  Marauder x2, Marine  
Show
View Real Time Build Order
Export as new Build Order

Astrea Protoss 

Build Orders: Oracle Opening 

Get SALT Encoding   

  12  0:00  Probe  
  13  0:12  Probe  
  14  0:18  Pylon  
  14  0:25  Probe (Chrono Boost)  
  15  0:37  Probe (Chrono Boost)  
  15  0:40  Gateway  
  16  0:45  Probe (Chrono Boost)  
  16  0:46  Assimilator  
  17  0:51  Probe  
  18  1:04  Probe  
  19  1:16  Probe  
  20  1:28  Cybernetics Core  
  20  1:29  Probe  
  20  1:30  Assimilator  
  20  1:31  Pylon  
  21  1:41  Probe  
  22  1:53  Probe  
  23  1:59  Pylon  
  23  2:01  Stalker (Chrono Boost)  
  23  2:07  Shield Battery  
  25  2:24  Stalker (Chrono Boost)  
  25  2:28  Probe  
  24  2:35  Stargate  
  23  2:40  Probe  
  23  2:41  Warp Gate  
  24  2:51  Adept  
  24  2:52  Probe  
  27  3:04  Probe  
  28  3:16  Oracle (Chrono Boost), Probe  
  32  3:28  Probe  
  32  3:30  Shield Battery  
  33  3:40  Probe  
  34  3:45  Pylon  
  34  3:46  Oracle (Chrono Boost)  
  37  3:53  Probe  
  35  4:20  Oracle (Chrono Boost)  
  38  4:31  Stalker  
  38  4:33  Pylon  
  40  4:38  Probe  
  41  4:51  Nexus, Probe  
  41  4:52  Pylon  
  42  4:58  Robotics Facility  
  42  5:03  Stalker  
  42  5:04  Probe  
  45  5:16  Probe  
  47  5:28  Probe (Chrono Boost)  
  47  5:30  Gateway  
  47  5:31  Sentry, Gateway  
  49  5:40  Probe (Chrono Boost)  
  50  5:46  Observer  
  50  5:48  Robotics Bay  
  50  5:49  Probe (Chrono Boost)  
  52  5:56  Probe (Chrono Boost)  
  53  6:03  Probe (Chrono Boost)  
  54  6:07  Sentry  
  57  6:12  Probe (Chrono Boost)  
  57  6:13  Probe (Chrono Boost)  
  57  6:18  Probe (Chrono Boost)  
  58  6:19  Probe  
  60  6:29  Probe (Chrono Boost)  
  60  6:30  Twilight Council  
  61  6:33  Assimilator  
  61  6:35  Pylon  
  61  6:36  Assimilator  
  63  6:40  Probe (Chrono Boost)  
  63  6:41  Probe (Chrono Boost)  
  63  6:46  Probe (Chrono Boost)  
  64  6:47  Nexus, Probe (Chrono Boost)  
  65  6:55  Colossus  
  65  6:58  Probe  
  65  6:59  Probe  
  65  7:01  Charge (Chrono Boost)  
  73  7:07  Pylon  
  73  7:10  Probe  
  73  7:12  Probe  
  75  7:23  Probe  
  75  7:24  Probe  
  77  7:34  Extended Thermal Lance  
  77  7:35  Probe  
  77  7:36  Probe  
  79  7:38  Gateway  
  79  7:39  Pylon  
  79  7:40  Gateway  
  79  7:42  Gateway  
  79  7:50  Colossus (Chrono Boost)  
  85  8:00  Sentry, Zealot x2  
  87  8:21  Zealot  
  87  8:22  Zealot  
  87  8:25  Pylon, Zealot  
  93  8:27  Pylon  
  90  8:34  Colossus (Chrono Boost)  
  90  8:36  Zealot x2  
  90  8:37  Zealot  
  102  8:42  Zealot x2  
  102  8:45  Pylon  
  102  8:48  Zealot  
  108  8:59  Stalker x3  
  108  9:01  Shield Battery  
  114  9:03  Shield Battery  
  114  9:07  Zealot x2  
  114  9:08  Zealot  
  119  9:25  Stalker  
  119  9:26  Stalker x2  
  119  9:27  Probe x3  
  124  9:32  Zealot x3  
  115  9:39  Probe  
  115  9:42  Probe  
  98  9:50  Zealot x3  
  95  9:54  Probe (Chrono Boost)  
  95  9:56  Probe (Chrono Boost)  
  95  9:57  Probe (Chrono Boost)  
  94  10:03  Warp Prism (Chrono Boost)  
  94  10:04  Observer  
  96  10:08  Probe x2 (Chrono Boost)  
  96  10:09  Probe (Chrono Boost)  
  96  10:14  Zealot  
  97  10:15  Probe, Zealot  
  97  10:17  Probe  
  97  10:20  Probe  
  102  10:30  Probe  
  102  10:33  Probe  
  104  10:38  Probe  
  103  10:46  Probe x2  
  97  10:50  Probe  
  97  10:53  Forge  
  97  10:56  Forge  
  91  11:04  Stalker x6  
  91  11:05  Probe  
  102  11:12  Probe x2  
  102  11:17  Probe  
  105  11:25  Templar Archives  
  105  11:26  Probe x2  
  105  11:28  Assimilator  
  105  11:30  Nexus, Probe  
  105  11:31  Assimilator  
  108  11:36  Pylon  
  108  11:38  Zealot x2  
  112  11:40  Sentry x2  
  112  11:42  Zealot  
  112  11:44  Probe  
  119  11:49  Pylon  
  119  11:52  Pylon  
  119  11:58  Zealot x3  
  125  12:04  High Templar x2, Zealot  
  131  12:11  Immortal (Chrono Boost)  
  134  12:20  Archon  
  134  12:21  Stalker x2  
Tags
 
Add a new tag
Caveats
  • Supply blocks, unpowered buildings, or Contaminate may cause inaccurate times.
  • Supply counts are checked every 10 seconds.